 Dungeon Crawl Stone Soup version 0.21.0-3-g78d12a8 (webtiles) character file.

122 dohliylev the Sneak (level 4, -2/30 HPs)
             Began as a Vampire Enchanter on Jan 8, 2018.
             Slain by a goblin (4 damage)
             ... on level 3 of the Dungeon.
             The game lasted 00:07:37 (2274 turns).

dohliylev the Sneak (Vampire Enchanter)             Turns: 2274, Time: 00:07:38

Health: -2/30      AC:  3    Str:  7    XL:     4   Next: 78%
Magic:  3/7        EV: 14    Int: 18    God:
Gold:   72         SH:  0    Dex: 14    Spells: 1/7 levels left

rFire    . . .     SeeInvis +   a - +1 dagger
rCold    . . .     Gourm    .   (no shield)
rNeg     . . .     Faith    .   b - +0 robe
rPois    .         Spirit   .   (no helmet)
rElec    .         Reflect  .   (no cloak)
rCorr    .         Harm     .   n - +0 pair of gloves
MR       .....                  (no boots)
Stlth    +++.......             (no amulet)
HPRegen  0.30/turn              (no ring)
MPRegen  0.10/turn              (no ring)

@: regenerating quickly
A: fangs 3, see invisible, unbreathing
a: no special abilities


You were on level 3 of the Dungeon.
You were full.

You visited 1 branch of the dungeon, and saw 3 of its levels.

You collected 72 gold pieces.

Inventory:

Hand Weapons
 a - a +1 dagger (weapon)
Armour
 b - a +0 robe (worn)
 n - a +0 pair of gloves (worn)
Jewellery
 l - a +3 ring of slaying {unknown}
Scrolls
 e - 2 scrolls of identify {unknown}
 i - a scroll of fear {unknown}
 m - a scroll of enchant armour {unknown}
Potions
 d - 10 potions of blood
 f - a potion of heal wounds {unknown}
 g - 2 potions of curing {unknown}
 h - a potion of ambrosia {unknown}
 j - a potion of haste {unknown}
 k - a potion of invisibility {unknown}
 o - a potion of degeneration {unknown}
Books
 c - a book of Maledictions

   Spells                             Type                      Level
   a - Corona                         Hexes                        1
   b - Ensorcelled Hibernation        Hexes/Ice                    2
   c - Confuse                        Hexes                        3
   d - Tukima's Dance                 Hexes                        3
   e - Dazzling Spray                 Conjuration/Hexes            3


   Skills:
 - Level 2.0 Short Blades
 - Level 4.0 Dodging
 + Level 6.0 Stealth
 - Level 2.0 Spellcasting
 - Level 5.0 Hexes


You had one spell level left.
You knew the following spells:

 Your Spells              Type           Power        Failure   Level  Hunger
a - Corona                Hex            ###....      2%          1    #......
b - Ensorcelled Hibernat  Hex/Ice        ##....       10%         2    ###....
c - Confuse               Hex            ###.....     7%          3    ###....


Dungeon Overview and Level Annotations

Branches:
Dungeon (3/15)

Altars:

Annotations:
D:3 Grinder


Innate Abilities, Weirdness & Mutations

Your natural rate of healing is unusually fast.
You have razor-sharp teeth.
You have supernaturally acute eyesight. (SInv)
You can survive without breathing.


Message History

You hit Grinder.
Grinder is lightly wounded.
Grinder hits you.
You writhe in agony.
The goblin shouts!
You hit Grinder.
Grinder is lightly wounded.
Grinder hits you!
You writhe in agony.
You hit Grinder but do no damage. You bite Grinder.
Grinder is moderately wounded.
Grinder hits you!
* * * LOW HITPOINT WARNING * * *
Grinder seems less confused.
Grinder says, "Don't move a muscle."
Grinder blinks!
Grinder says, "You look like you could use a good racking."
There is a stone staircase leading down here.
Grinder hits you.
* * * LOW HITPOINT WARNING * * *
The goblin hits you.
You die...

##.####.#.##.#.....
.
....##.......#..#...
##..##..#.......#...
##..##..######.## ..
........# ##.######
##.###.## #.......#
##.# #.# #.....#.#
...# ... #..5#.#
§### .... #.##@.#
≈.# .....# #.##g##
8≈# .....# #.##.##.#
§.# ...# #.......#
.## #########.####
.# #......##.# ##
#.####.##.# #
#.#.......#
#.#.##.####


You could see Grinder and a goblin.

Vanquished Creatures
  A worker ant (D:2)
  2 adders (D:2)
  An ooze (D:2)
  3 worms
  2 dart slugs
  A leopard gecko (D:2)
  2 orcs (D:3)
  3 giant cockroaches
  7 goblins
  6 hobgoblins
  2 jackals (D:3)
  10 bats
  8 frilled lizards
  7 kobolds
  7 rats
62 creatures vanquished.

Notes
Turn   | Place    | Note
-------+----------+-------------------------------------------
     0 | D:1      | dohliylev the Vampire Enchanter began the quest for the Orb.
     0 | D:1      | Reached XP level 1. HP: 13/13 MP: 3/3
   166 | D:1      | Reached skill level 5 in Stealth
   229 | D:1      | Reached XP level 2. HP: 18/19 MP: 5/5
   241 | D:1      | Learned a level 2 spell: Ensorcelled Hibernation
   347 | D:1      | Reached skill level 5 in Hexes
   723 | D:1      | Reached XP level 3. HP: 24/24 MP: 3/6
  1284 | D:2      | Reached XP level 4. HP: 30/30 MP: 7/7
  2041 | D:3      | Noticed Grinder
  2051 | D:3      | Learned a level 3 spell: Confuse
  2099 | D:3      | Reached skill level 6 in Stealth
  2251 | D:3      | Paralysed by Grinder for 2 turns
  2274 | D:3      | Slain by a goblin

Skill      XL: |  1  2  3  4 |
---------------+-------------+-----
Stealth        | 5 6 |  6.0
Hexes          | 5 |  5.0
Short Blades   | 2 |  2.0
Dodging        | 3 4 |  4.0
Spellcasting   | |  2.0

Action                   |  1- 3 |  4- 6 || total
-------------------------+-------+-------++-------
Melee: Dagger            |    94 |    57 ||   151
       Bite              |     3 |     8 ||    11
 Cast: Corona            |     4 |     3 ||     7
       Ensorcelled Hiber |    16 |    15 ||    31
       Confuse           |       |     3 ||     3
 Stab: Sleeping          |    19 |    18 ||    37
  Eat: Corpse            |    11 |     6 ||    17
Armor: Robe              |    21 |     5 ||    26
Dodge: Dodged            |    60 |    21 ||    81
